 Dungeon Crawl Stone Soup version 0.27.0-1-g7a089689b8 (webtiles) character file.

Game seed: 1753247266489651435

221 x13thangelx the Skirmisher (level 5, -2/34 HPs)
             Began as a Gargoyle Monk on Aug 2, 2021.
             Was a Believer of Uskayaw.
             Slain by Pikel (6 damage)
             ... on level 4 of the Dungeon.
             The game lasted 00:09:12 (2374 turns).

x13thangelx the Skirmisher (Gargoyle Monk)          Turns: 2374, Time: 00:09:15

Health: -2/34      AC: 10    Str: 16    XL:     5   Next: 98%
Magic:  3/5        EV: 11    Int: 10    God:    Uskayaw [**....]
Gold:   97         SH:  0    Dex: 12    Spells: 4/4 levels left

rFire    . . .     SeeInvis .   a - +0 falchion
rCold    . . .     Faith    .   (no shield)
rNeg     + . .     Spirit   .   o - +1 ring mail {Will+}
rPois    ∞         Reflect  .   (no helmet)
rElec    +         Harm     .   (no cloak)
rCorr    .         Rampage  .   (no gloves)
Will     +....                  (no boots)
Stlth    +.........             (no amulet)
HPRegen  0.11/turn              (no ring)
MPRegen  0.09/turn              (no ring)

@: flying
A: sickness immunity, AC +4, negative energy resistance 1, electricity
resistance, torment resistance 1, petrification resistance
a: Renounce Religion, Stomp, Line Pass


You were on level 4 of the Dungeon.
You worshipped Uskayaw.
Uskayaw was noncommittal.
You visited 1 branch of the dungeon, and saw 4 of its levels.

You collected 97 gold pieces.

Inventory:

Hand Weapons
 a - a +0 falchion (weapon)
 p - a +2 vorpal hand axe
Missiles
 c - 41 stones
Armour
 b - a +0 robe
 e - a +0 ring mail
 o - a +1 ring mail of willpower (worn)
Jewellery
 q - a ring of positive energy
Wands
 k - a wand of flame (13)
Scrolls
 d - 2 scrolls of identify
 f - 3 scrolls of teleportation
 l - a scroll of enchant armour
Potions
 g - a potion of curing
 h - a potion of flight
 i - 2 potions of heal wounds {unknown}
 j - 2 potions of resistance {unknown}
 m - a potion of degeneration {unknown}
 n - 2 potions of attraction {unknown}


   Skills:
 + Level 4.3 Fighting
 + Level 4.3 Long Blades
 + Level 2.1 Armour
 + Level 2.9 Dodging
 + Level 2.7 Stealth


You had 4 spell levels left.
You didn't know any spells.
Your spell library contained the following spells:

 Spells                   Type           Power      Damage    Failure   Level
 Sandblast                Erth           0%         2d4       56%         1
 Corpse Rot               Necr/Air       N/A        N/A       71%         2
 Passwall                 Tmut/Erth      0%         N/A       71%         2
 Poisonous Vapours        Pois/Air       0%         N/A       71%         2
 Freezing Cloud           Conj/Ice/Air   0%         6-21      100%        5
 Lee's Rapid Deconstruct  Erth           0%         3d5*      100%        5


Dungeon Overview and Level Annotations

Branches:
Dungeon (4/15)
 Temple: D:4-7

Altars:
Fedhas
Uskayaw

Annotations:
D:4 Pikel


Innate Abilities, Weirdness & Mutations

You are immune to sickness and miasma.
Your stone body is resilient. (AC +4)
You are immune to poison.
You resist negative energy. (rN+)
You are resistant to electric shocks. (rElec)
You are resistant to unholy torment.
You are immune to petrification.


Message History

Pikel barely misses you.
You riposte.
You closely miss Pikel. You miss Pikel. The hound skeleton barely misses you.
Pikel hits you with a +1 whip of flaming.
Pikel burns you.
You closely miss Pikel. The hound skeleton bites you. Pikel closely misses you.
You can no longer pass through a line of other dancers.
You miss Pikel.
A hound skeleton comes into view.
Pikel misses you.
You riposte.
You hit Pikel.
Pikel is lightly wounded.
You can now pass through a line of other dancers.
You barely miss Pikel.
Pikel is lightly wounded.
Pikel hits you with a +1 whip of flaming.
Pikel burns you.
You miss Pikel.
Pikel is lightly wounded.
The lemure misses you.
Pikel hits you with a +1 whip of flaming.
Pikel burns you.
You hit Pikel.
Pikel is lightly wounded.
The lemure hits you but does no damage. Pikel barely misses you.
You barely miss Pikel.
Pikel is lightly wounded.
The lemure hits you but does no damage.
Pikel hits you with a +1 whip of flaming.
Pikel burns you. The lemure hits you but does no damage.
You barely miss Pikel.
Pikel is lightly wounded.
The lemure hits you. x2
* * * LOW HITPOINT WARNING * * *
Pikel hits you but does no damage.
It was a potion of flight.
You feel very buoyant.
You fly up into the air.
The lemure hits you but does no damage. The lemure hits you.
* * * LOW HITPOINT WARNING * * *
Pikel hits you with a +1 whip of flaming.
You die...

#...##.....#
....## ....
##..#.# ##...
...# ##.#.##
#.## ...
#.#..###.#
#........#
####....###
###5...## .
##K#...#5..
#.@##...5..
#†55ZZ.....
.......#####....
####..# .##. #.#
# #. .. .. ..


You could see Pikel, 3 lemures and 2 hound skeletons.

Vanquished Creatures
  A necrophage (D:2)
  A howler monkey (D:3)
  An adder zombie (D:4)
  A worm (D:2)
  3 dart slugs
  10 orcs
  5 bats
  2 endoplasms
  A giant cockroach (D:4)
  4 goblins
  5 hobgoblins
  14 jackals
  A quokka (D:2)
  2 ball pythons (D:3)
  2 frilled lizards
  3 kobolds
  4 rats
60 creatures vanquished.

Vanquished Creatures (others)
  An adder (D:4)
  8 plants (D:1)
  A withered plant (D:1)
10 creatures vanquished.

Grand Total: 70 creatures vanquished

Notes
Turn   | Place    | Note
-------+----------+-------------------------------------------
     0 | D:1      | x13thangelx the Gargoyle Monk began the quest for the Orb.
     0 | D:1      | Reached XP level 1. HP: 14/14 MP: 1/1
   214 | D:1      | Found a faded altar of an unknown god.
   235 | D:1      | Became a worshipper of Uskayaw the Reveller
   235 | D:1      | Reached * piety under Uskayaw
   235 | D:1      | Reached ** piety under Uskayaw
   274 | D:1      | Reached XP level 2. HP: 5/20 MP: 2/2
   274 | D:1      | Reached *** piety under Uskayaw
   875 | D:2      | Noticed a necrophage
   889 | D:2      | Killed a necrophage
   890 | D:2      | Reached skill level 1 in Armour
   890 | D:2      | Reached XP level 3. HP: 15/24 MP: 3/3
   890 | D:2      | Reached XP level 4. HP: 18/29 MP: 4/4
   891 | D:2      | Reached **** piety under Uskayaw
  1092 | D:2      | Reached XP level 5. HP: 31/33 MP: 5/5
  1375 | D:3      | Found a hide-covered altar of Uskayaw.
  1677 | D:3      | Found a blossoming altar of Fedhas.
  2358 | D:4      | Noticed Pikel
  2359 | D:4      | Noticed a lemure
  2361 | D:4      | Noticed a lemure
  2361 | D:4      | Noticed a lemure
  2365 | D:4      | Noticed a lemure
  2374 | D:4      | Slain by Pikel

Illustrated notes

Levels and vault maps discovered:
D:1:      dpeg_arrival_radiant, layout_rooms,
          shapermc_ecumenical_altar_flowoftime
D:2:      layout_rooms
D:3:      layout_basic, mainiacjoe_overflow_surrounded_room, old_standard_altar
D:4:      layout_rooms, uniq_pikel, uniq_duvessa

Skill      XL: |  1  2  3  4  5 |
---------------+----------------+-----
Fighting       | 4 |  4.3
Long Blades    | 3 4 |  4.3
Armour         | 1 2 |  2.1
Dodging        | |  2.9
Stealth        | |  2.7

Action                   |  1- 3 |  4- 6 || total
-------------------------+-------+-------++-------
Melee: Falchion          |    55 |   147 ||   202
Throw: Stone             |       |     1 ||     1
Invok: Stomp             |       |     2 ||     2
       Line Pass         |       |     1 ||     1
  Use: Scroll            |       |     3 ||     3
       Potion            |       |     2 ||     2
 Stab: Paralysed         |     2 |       ||     2
Armor: Robe              |    11 |       ||    11
       Ring mail         |    24 |   126 ||   150
Dodge: Dodged            |    54 |   154 ||   208
       Rpst.: Falchion   |    17 |    46 ||    63
